Map: Neon Violet Square LE

Players

eonblu

  • Race: Zerg Zerg
  • Spawn Location: 11:00

Hellraiser - Winner!

  • Race: Protoss Protoss
  • Spawn Location: 5:00

Event: IEM Season 12 - Katowice

VOD

Have the link to the VOD?

Description

Time

  • Played on: Feb. 27, 2018, 4:59 a.m.
  • Length: 6:08

All games in this series

Show
View Real Time Build Order
Export as new Build Order

eonblu Zerg 

Build Orders: Hatch First 

Get SALT Encoding   

  12  0:02  Drone  
  13  0:12  Overlord  
  13  0:18  Drone  
  14  0:31  Drone x2  
  16  0:49  Hatchery  
  15  0:52  Drone  
  16  0:58  Drone  
  16  1:02  Drone  
  18  1:12  Extractor  
  17  1:18  Spawning Pool  
  17  1:19  Drone  
  17  1:23  Drone  
  18  1:28  Drone  
  19  1:39  Overlord  
  19  1:50  Drone  
  20  2:04  Queen  
  20  2:05  Queen  
  20  2:06  Zergling x4  
  26  2:13  Drone x2  
  28  2:23  Metabolic Boost  
  28  2:25  Drone x2  
  30  2:40  Hatchery  
  30  2:43  Drone  
  30  2:47  Overlord  
  30  2:50  Drone  
  31  2:56  Queen  
  33  2:59  Drone  
  33  3:01  Drone  
  33  3:05  Drone  
  36  3:10  Overlord  
  36  3:12  Drone  
  37  3:15  Drone  
  37  3:17  Drone x2  
  41  3:20  Drone  
  41  3:22  Drone  
  42  3:36  Zergling x4  
  42  3:37  Drone  
  42  3:39  Drone  
  44  3:41  Drone  
  44  3:43  Drone x2  
  44  3:46  Drone x2  
  48  3:59  Spore Crawler  
  45  4:04  Drone x3  
  46  4:12  Spore Crawler  
  46  4:16  Drone x3  
  48  4:18  Drone  
  48  4:22  Spore Crawler  
  48  4:23  Drone  
  49  4:29  Overlord  
  49  4:30  Overlord  
  48  4:48  Extractor, Zergling x2  
  48  4:49  Roach Warren, Extractor, Zergling x14  
  48  4:51  Overlord  
  53  5:03  Zergling x2  
  53  5:04  Zergling x4  
  53  5:05  Lair  
  56  5:13  Drone  
  57  5:18  Drone x5  
  57  5:19  Drone  
  63  5:24  Drone x5, Evolution Chamber  
  63  5:25  Drone  
  68  5:31  Drone x2  
  68  5:32  Drone  
  68  5:33  Drone  
  68  5:35  Drone  
  72  5:41  Roach x2  
  69  5:44  Roach  
  69  5:46  Roach  
  69  5:48  Overlord  
Show
View Real Time Build Order
Export as new Build Order

Hellraiser Protoss - Winner!

Build Orders: 1 Gate Expand, Phoenix Opening 

Get SALT Encoding   

  12  0:00  Probe  
  13  0:13  Probe  
  14  0:20  Pylon  
  14  0:25  Probe  
  15  0:39  Probe  
  15  0:40  Gateway  
  16  0:51  Probe (Chrono Boost)  
  16  0:52  Assimilator  
  17  1:02  Probe (Chrono Boost)  
  18  1:06  Probe (Chrono Boost)  
  19  1:25  Nexus  
  19  1:27  Probe  
  20  1:38  Cybernetics Core  
  20  1:43  Assimilator  
  20  1:46  Probe  
  21  1:55  Pylon  
  21  1:58  Probe  
  22  2:10  Probe  
  22  2:12  Adept (Chrono Boost)  
  25  2:22  Probe  
  26  2:26  Pylon  
  26  2:29  Stargate  
  26  2:30  Adept (Chrono Boost)  
  26  2:36  Probe (Chrono Boost)  
  30  2:39  Probe (Chrono Boost)  
  30  2:40  Warp Gate  
  30  2:47  Probe (Chrono Boost)  
  30  2:48  Probe (Chrono Boost)  
  32  2:53  Adept  
  32  2:54  Probe  
  35  2:58  Probe  
  36  3:06  Probe  
  36  3:10  Probe  
  36  3:11  Phoenix (Chrono Boost)  
  40  3:18  Probe  
  41  3:21  Gateway  
  41  3:22  Probe  
  42  3:31  Probe, Twilight Council  
  43  3:38  Probe  
  44  3:43  Probe  
  44  3:47  Pylon  
  45  3:50  Probe  
  45  3:51  Gateway  
  46  3:57  Probe  
  46  4:01  Resonating Glaives (Chrono Boost)  
  46  4:02  Probe  
  46  4:05  Adept  
  46  4:09  Probe  
  47  4:11  Oracle (Chrono Boost)  
  47  4:14  Probe  
  47  4:15  Pylon  
  51  4:21  Probe  
  52  4:26  Probe  
  52  4:27  Nexus  
  53  4:33  Probe  
  54  4:44  Adept x2  
  58  4:46  Adept  
  58  4:51  Probe  
  61  4:54  Robotics Facility  
  61  4:55  Pylon  
  61  4:56  Probe, Assimilator  
  61  4:59  Pylon  
  62  5:00  Assimilator  
  62  5:13  Adept x3  
  68  5:15  Probe (Chrono Boost)  
  68  5:18  Probe (Chrono Boost)  
  70  5:23  Pylon  
  70  5:27  Probe (Chrono Boost)  
  72  5:30  Forge  
  72  5:31  Probe (Chrono Boost)  
  72  5:32  Probe (Chrono Boost)  
  72  5:34  Zealot  
  72  5:35  Sentry  
  77  5:39  Probe  
  77  5:41  Probe  
  77  5:42  Probe  
  82  5:51  Probe  
  82  5:53  Probe  
  82  5:54  Probe  
  86  6:07  Assimilator  

Tags
 
Add a new tag
Caveats
  • Supply blocks, unpowered buildings, or Contaminate may cause inaccurate times.
  • Supply counts are checked every 10 seconds.